TOP OF THE 1ST |
Alloway Halberds batting - Pitching for Brinkley Belugas : RHP Bob Compton
|
Pitching: RHP Bob Compton
|
|
Batting: RHB Dennis Clifton
|
0-0: Ball 1-0: Called Strike 1-1: Ball 2-1: Foul Ball, location: 2F 2-2: Strikes out swinging
|
Batting: RHB Orlando López
|
0-0: Foul Ball, location: 2F 0-1: Ball 1-1: Swinging Strike 1-2: Ball 2-2: Strikes out swinging
|
Batting: RHB Dave Ash
|
0-0: Swinging Strike 0-1: Swinging Strike 0-2: Ball 1-2: Ball 2-2: Foul Ball, location: 2F 2-2: Strikes out swinging, 2-3 out at first.
|
Top of the 1st over - 0 run(s), 0 hit(s), 0 error(s), 0 left on base; Alloway 0 - Brinkley 0 |
BOTTOM OF THE 1ST |
Brinkley Belugas batting - Pitching for Alloway Halberds : RHP Jim Unknown
|
Pitching: RHP Jim Unknown
|
|
Batting: LHB Arturo Hernández
|
0-0: Called Strike 0-1: Ball 1-1: Ground out 1-3 (Groundball, 15S)
|
Batting: RHB Jason Weston
|
0-0: Ball 1-0: Called Strike 1-1: Ball 2-1: Foul Ball, location: 2F 2-2: Ball 3-2: Foul Ball, location: 2F 3-2: Ground out 4-3 (Groundball, 4MS)
|
Batting: RHB Shawn Hicks
|
0-0: Swinging Strike 0-1: Foul Ball, location: 2F 0-2: Ball 1-2: Ball 2-2: Fly out, F7 (Flyball, 78M)
|
Bottom of the 1st over - 0 run(s), 0 hit(s), 0 error(s), 0 left on base; Alloway 0 - Brinkley 0 |
TOP OF THE 2ND |
Alloway Halberds batting - Pitching for Brinkley Belugas : RHP Bob Compton
|
Batting: SHB Neil Ladner
|
0-0: Called Strike 0-1: Foul Ball, location: 2F 0-2: Ball 1-2: Foul Ball, location: 2F 1-2: Strikes out looking
|
Batting: SHB Ron Peterson
|
0-0: Ball 1-0: Foul Ball, location: 2F 1-1: SINGLE (Line Drive, 56)
|
Batting: LHB Francisco Rivas
|
0-0: Ball 1-0: Called Strike 1-1: Fly out, F3 (Popup, 34S)
|
Batting: RHB Juan Martínez
|
0-0: Ball Ron Peterson steals 2nd base 1-0: Foul Ball, location: 2F 1-1: Ball 2-1: Ball 3-1: Foul Ball, location: 2F 3-2: Fly out, F7 (Flyball, 7D)
|
Top of the 2nd over - 0 run(s), 1 hit(s), 0 error(s), 1 left on base; Alloway 0 - Brinkley 0 |
BOTTOM OF THE 2ND |
Brinkley Belugas batting - Pitching for Alloway Halberds : RHP Jim Unknown
|
Batting: RHB Reggie Kahn
|
0-0: Fly out, F8 (Flyball, 8RXD)
|
Batting: RHB Bryan Armstrong
|
0-0: Ball 1-0: Ground out 4-3 (Groundball, 4)
|
Batting: RHB Edward Baker
|
0-0: Swinging Strike 0-1: Ball 1-1: Ball 2-1: SINGLE (Groundball, 5D)
|
Batting: RHB Orlando Trevino
|
0-0: Foul Ball, location: 2F 0-1: Swinging Strike 0-2: Ball 1-2: Ball 2-2: Ball 3-2: Foul Ball, location: 2F 3-2: Fly out, F9 (Flyball, 9LM)
|
Bottom of the 2nd over - 0 run(s), 1 hit(s), 0 error(s), 1 left on base; Alloway 0 - Brinkley 0 |
TOP OF THE 3RD |
Alloway Halberds batting - Pitching for Brinkley Belugas : RHP Bob Compton
|
Batting: RHB Nam-sup Yi
|
0-0: Ball 1-0: Ball 2-0: Foul Ball, location: 2F 2-1: SINGLE (Groundball, 4D)
|
Batting: RHB Mike Davis
|
0-0: Called Strike 0-1: SINGLE (Line Drive, 56D) Nam-sup Yi to second
|
Batting: RHB Dennis Clifton
|
0-0: Called Strike 0-1: Ball 1-1: Fly out, F3 (Popup, 4)
|
Batting: RHB Orlando López
|
0-0: Ball 1-0: Foul Ball, location: 2F 1-1: Swinging Strike 1-2: Fly out, F8 (Line Drive, 8RM)
|
Batting: RHB Dave Ash
|
0-0: Foul Ball, location: 2F 0-1: Fly out, F3 (Popup, 3SF)
|
Top of the 3rd over - 0 run(s), 2 hit(s), 0 error(s), 2 left on base; Alloway 0 - Brinkley 0 |
BOTTOM OF THE 3RD |
Brinkley Belugas batting - Pitching for Alloway Halberds : RHP Jim Unknown
|
Batting: LHB Arturo Acosta
|
0-0: Ball 1-0: Ball 2-0: Ball 3-0: Base on Balls
|
Batting: RHB Fernando Díaz
|
0-0: Grounds into double play, 5-4-3 (Groundball, 5L)
|
Batting: LHB Arturo Hernández
|
0-0: Called Strike 0-1: Foul Ball, location: 2F 0-2: Strikes out swinging
|
Bottom of the 3rd over - 0 run(s), 0 hit(s), 0 error(s), 0 left on base; Alloway 0 - Brinkley 0 |
TOP OF THE 4TH |
Alloway Halberds batting - Pitching for Brinkley Belugas : RHP Bob Compton
|
Batting: SHB Neil Ladner
|
0-0: Ball 1-0: Called Strike 1-1: Ball 2-1: Foul Ball, location: 2F 2-2: Foul Ball, location: 2F 2-2: Strikes out swinging
|
Batting: SHB Ron Peterson
|
0-0: Ball 1-0: Ball 2-0: Ball 3-0: Base on Balls
|
Batting: LHB Francisco Rivas
|
0-0: Ball 1-0: Grounds into double play, 4-6-3 (Groundball, 34)
|
Top of the 4th over - 0 run(s), 0 hit(s), 0 error(s), 0 left on base; Alloway 0 - Brinkley 0 |
BOTTOM OF THE 4TH |
Brinkley Belugas batting - Pitching for Alloway Halberds : RHP Jim Unknown
|
Batting: RHB Jason Weston
|
0-0: Swinging Strike 0-1: Foul Ball, location: 2F 0-2: DOUBLE (Flyball, 89M) - OUT at third base trying to stretch hit.
|
Batting: RHB Shawn Hicks
|
0-0: Called Strike 0-1: Hit by Pitch
|
Batting: RHB Reggie Kahn
|
0-0: Ball Wild Pitch! Shawn Hicks to second 1-0: Ball 2-0: SINGLE (Groundball, 56D) Shawn Hicks to third Runner from 3rd tries for Home, SAFE, no throw or cutoff
|
Batting: RHB Bryan Armstrong
|
0-0: Ball 1-0: Grounds into double play, 6-4-3 (Groundball, 6)
|
Bottom of the 4th over - 1 run(s), 2 hit(s), 0 error(s), 0 left on base; Alloway 0 - Brinkley 1 |
TOP OF THE 5TH |
Alloway Halberds batting - Pitching for Brinkley Belugas : RHP Bob Compton
|
Batting: RHB Juan Martínez
|
0-0: Swinging Strike 0-1: Ball 1-1: DOUBLE (Line Drive, 9LD)
|
Batting: RHB Nam-sup Yi
|
0-0: Fly out, F8 (Flyball, 8LXD) Runner from 2nd tags up, SAFE at 3rd, no throw
|
Batting: RHB Mike Davis
|
0-0: Called Strike 0-1: Foul Ball, location: 2F 0-2: Fly out, F4 (Popup, 4D)
|
Batting: RHB Dennis Clifton
|
0-0: Ball 1-0: SINGLE (Line Drive, 56) Juan Martínez scores
|
Batting: RHB Orlando López
|
0-0: Ball 1-0: Ball 2-0: Foul Ball, location: 2F 2-1: Foul Ball, location: 2F 2-2: Ball 3-2: Base on Balls Dennis Clifton to second
|
Batting: RHB Dave Ash
|
0-0: Called Strike 0-1: Fly out, F9 (Flyball, 9M)
|
Top of the 5th over - 1 run(s), 2 hit(s), 0 error(s), 2 left on base; Alloway 1 - Brinkley 1 |
BOTTOM OF THE 5TH |
Brinkley Belugas batting - Pitching for Alloway Halberds : RHP Jim Unknown
|
Batting: RHB Edward Baker
|
0-0: Ball 1-0: Fly out, F9 (Flyball, 89M)
|
Batting: RHB Orlando Trevino
|
0-0: Foul Ball, location: 2F 0-1: Fly out, F8 (Popup, 8RS)
|
Batting: LHB Arturo Acosta
|
0-0: Ball 1-0: Ball 2-0: Swinging Strike 2-1: Ball 3-1: Foul Ball, location: 2F 3-2: Fly out, F8 (Line Drive, 8LM)
|
Bottom of the 5th over - 0 run(s), 0 hit(s), 0 error(s), 0 left on base; Alloway 1 - Brinkley 1 |
TOP OF THE 6TH |
Alloway Halberds batting - Pitching for Brinkley Belugas : RHP Bob Compton
|
Batting: SHB Neil Ladner
|
0-0: Ball 1-0: Swinging Strike 1-1: Ball 2-1: SINGLE (Groundball, 4M)
|
Batting: SHB Ron Peterson
|
0-0: Called Strike 0-1: Ball 1-1: Ball 2-1: Swinging Strike 2-2: Fielders Choice at 2nd, 6-4 (Groundball, 6M)
|
Batting: LHB Francisco Rivas
|
0-0: Ball 1-0: Ball 2-0: Ball 3-0: Called Strike 3-1: Foul Ball, location: 2F 3-2: Grounds into double play, 4-6-3 (Groundball, 34)
|
Top of the 6th over - 0 run(s), 1 hit(s), 0 error(s), 0 left on base; Alloway 1 - Brinkley 1 |
BOTTOM OF THE 6TH |
Brinkley Belugas batting - Pitching for Alloway Halberds : RHP Jim Unknown
|
Batting: RHB Fernando Díaz
|
0-0: Ball 1-0: Called Strike 1-1: Ball 2-1: Swinging Strike 2-2: Foul Ball, location: 2F 2-2: Foul Ball, location: 2F 2-2: Ball 3-2: Base on Balls
|
Batting: LHB Arturo Hernández
|
0-0: Sac Bunt - play at first, batter OUT! 4-3 Fernando Díaz to second
|
Batting: RHB Jason Weston
|
0-0: Called Strike 0-1: Foul Ball, location: 2F 0-2: Strikes out swinging
|
Batting: RHB Shawn Hicks
|
0-0: Ball 1-0: Swinging Strike 1-1: SINGLE (Groundball, 15) (infield hit) Fernando Díaz to third
|
Batting: RHB Reggie Kahn
|
0-0: Ball 1-0: Foul Ball, location: 2F 1-1: Foul Ball, location: 2F 1-2: Ground out 4-3 (Groundball, 4)
|
Bottom of the 6th over - 0 run(s), 1 hit(s), 0 error(s), 2 left on base; Alloway 1 - Brinkley 1 |
TOP OF THE 7TH |
Alloway Halberds batting - Pitching for Brinkley Belugas : RHP Bob Compton
|
Batting: RHB Juan Martínez
|
0-0: Ball 1-0: Ball 2-0: Called Strike 2-1: Ground out 1-3 (Groundball, 15S)
|
Batting: RHB Nam-sup Yi
|
0-0: Swinging Strike 0-1: Ball 1-1: Foul Ball, location: 2F 1-2: Strikes out swinging
|
Pinch Hitting: LHB Mark Crawford
|
0-0: Ball 1-0: Swinging Strike 1-1: Foul Ball, location: 2F 1-2: Fly out, F4 (Popup, 3D)
|
Top of the 7th over - 0 run(s), 0 hit(s), 0 error(s), 0 left on base; Alloway 1 - Brinkley 1 |
BOTTOM OF THE 7TH |
Brinkley Belugas batting - Pitching for Alloway Halberds : RHP Jim Unknown
|
Now at SS: Tracy Larson
|
|
Pinch Hitting: RHB Ricardo Romo
|
0-0: Swinging Strike 0-1: SINGLE (Line Drive, 6M)
|
Batting: RHB Edward Baker
|
0-0: Ball 1-0: Foul Ball, location: 2F 1-1: Sac Bunt - play at first, batter OUT! 1-3 Ricardo Romo to second
|
Batting: RHB Orlando Trevino
|
0-0: Ball 1-0: Called Strike 1-1: Fly out, F7 (Flyball, 7D) Runner from 2nd tags up, SAFE at 3rd, no throw
|
Batting: LHB Arturo Acosta
|
0-0: Ball 1-0: Ball 2-0: Called Strike 2-1: Ball 3-1: Called Strike 3-2: Fly out, F3 (Line Drive, 3S)
|
Bottom of the 7th over - 0 run(s), 1 hit(s), 0 error(s), 1 left on base; Alloway 1 - Brinkley 1 |
TOP OF THE 8TH |
Alloway Halberds batting - Pitching for Brinkley Belugas : RHP Bob Compton
|
Now in RF: Ricardo Romo
|
|
Batting: RHB Dennis Clifton
|
0-0: Ground out 5-3 (Groundball, 5S)
|
Pinch Hitting: LHB Luis Gutiérrez
|
0-0: Ground out 6-3 (Groundball, 6)
|
Batting: RHB Dave Ash
|
0-0: Foul Ball, location: 2F 0-1: Ball 1-1: DOUBLE (Line Drive, 9LM)
|
Pitching: LHP Katai Ichikawa
|
|
Batting: SHB Neil Ladner
|
0-0: Ball 1-0: SINGLE (Groundball, 56D) Dave Ash to third Runner from 3rd tries for Home, SAFE, no throw or cutoff
|
Batting: SHB Ron Peterson
|
0-0: Called Strike Pickoff Throw to First - Out!
|
Top of the 8th over - 1 run(s), 2 hit(s), 0 error(s), 0 left on base; Alloway 2 - Brinkley 1 |
BOTTOM OF THE 8TH |
Brinkley Belugas batting - Pitching for Alloway Halberds : RHP Jim Unknown
|
Now in CF: Maurice Wiebe
|
|
Batting: RHB Fernando Díaz
|
0-0: Called Strike 0-1: Foul Ball, location: 2F 0-2: Ball 1-2: Strikes out swinging
|
Batting: LHB Arturo Hernández
|
0-0: Called Strike 0-1: Foul Ball, location: 2F 0-2: SINGLE (Line Drive, 78S)
|
Batting: RHB Jason Weston
|
0-0: Called Strike Arturo Hernández steals 2nd base 0-1: Called Strike Arturo Hernández is caught stealing 3rd base 0-2: Ground out 1-3 (Groundball, 15)
|
Bottom of the 8th over - 0 run(s), 1 hit(s), 0 error(s), 0 left on base; Alloway 2 - Brinkley 1 |
TOP OF THE 9TH |
Alloway Halberds batting - Pitching for Brinkley Belugas : LHP Katai Ichikawa
|
Pitching: RHP Jorge Beltrán
|
|
Batting: SHB Ron Peterson
|
0-0: Called Strike 0-1: Ball 1-1: Ball 2-1: Fly out, F7 (Flyball, 7LM)
|
Batting: LHB Francisco Rivas
|
0-0: Called Strike 0-1: Ball 1-1: Ball 2-1: DOUBLE (Flyball, 8LXD)
|
Batting: RHB Juan Martínez
|
0-0: Called Strike 0-1: Ball 1-1: Ball 2-1: Called Strike 2-2: Foul Ball, location: 2F 2-2: Ball 3-2: Foul Ball, location: 2F 3-2: DOUBLE (Line Drive, 89M) Francisco Rivas scores
|
Batting: RHB Nam-sup Yi
|
0-0: Intentional Walk
|
Batting: RHB Tracy Larson
|
0-0: Ball 1-0: Swinging Strike 1-1: SINGLE (Groundball, 5D) Juan Martínez to third Nam-sup Yi to second Runner from 3rd tries for Home, SAFE, throw made home Nam-sup Yi to third Tracy Larson to second
|
Batting: RHB Dennis Clifton
|
0-0: Foul Ball, location: 2F 0-1: Swinging Strike 0-2: Strikes out swinging
|
Batting: RHB Maurice Wiebe
|
0-0: Called Strike 0-1: Called Strike 0-2: Ball 1-2: Ball 2-2: SINGLE (Groundball, 56S) Nam-sup Yi scores Tracy Larson to third Runner from 3rd tries for Home, SAFE, no throw or cutoff
|
Pitching: LHP Jeffery Howell
|
|
Batting: RHB Dave Ash
|
0-0: Ball 1-0: Foul Ball, location: 2F 1-1: DOUBLE (Line Drive, 3D) Maurice Wiebe to third Runner from 3rd tries for Home, SAFE, no throw or cutoff
|
Batting: SHB Neil Ladner
|
0-0: Ball 1-0: Ball 2-0: Called Strike 2-1: Called Strike 2-2: Foul Ball, location: 2F 2-2: SINGLE (Line Drive, 7LS) Dave Ash to third Runner from 3rd tries for Home, throw and OUT!
|
Top of the 9th over - 5 run(s), 6 hit(s), 0 error(s), 1 left on base; Alloway 7 - Brinkley 1 |
BOTTOM OF THE 9TH |
Brinkley Belugas batting - Pitching for Alloway Halberds : RHP Jim Unknown
|
Batting: RHB Shawn Hicks
|
0-0: Foul Ball, location: 2F 0-1: SINGLE (Line Drive, 7LS)
|
Batting: RHB Reggie Kahn
|
0-0: Called Strike 0-1: SINGLE (Groundball, 56D) Shawn Hicks to second
|
Batting: RHB Ricardo Romo
|
0-0: Ball 1-0: Ball 2-0: Called Strike 2-1: Fly out, F8 (Popup, 8RS)
|
Batting: RHB Edward Baker
|
0-0: SINGLE (Groundball, 56D) Shawn Hicks to third Reggie Kahn to second Runner from 3rd tries for Home, SAFE, no throw or cutoff
|
Pitching: RHP Jim Unknown
|
|
Batting: RHB Orlando Trevino
|
0-0: Ball 1-0: SINGLE (Groundball, 5D) Reggie Kahn to third Edward Baker to second Runner from 3rd tries for Home, SAFE, throw made at trailing runner, SAFE at third!
|
Batting: LHB Arturo Acosta
|
0-0: Ball 1-0: Ball 2-0: Foul Ball, location: 2F 2-1: Foul Ball, location: 2F 2-2: Strikes out swinging
|
Batting: RHB Fernando Díaz
|
0-0: Called Strike 0-1: Fly out, F9 (Flyball, 9M)
|
Bottom of the 9th over - 2 run(s), 4 hit(s), 0 error(s), 2 left on base; Alloway 7 - Brinkley 3 |
|